 Dungeon Crawl Stone Soup version 0.19.1 (webtiles) character file.

678 equalderp2856 the Gouger (level 7, -1/31 HPs)
             Began as a Felid Fighter on Nov 25, 2016.
             Slain by a bullfrog (7 damage)
             ... on level 5 of the Dungeon.
             The game lasted 00:21:33 (8817 turns).

equalderp2856 the Gouger (Felid Fighter)            Turns: 8817, Time: 00:21:34

Health: -1/31      AC:  2    Str: 13    XL:     7   Next: 34%
Magic:  8/8        EV: 29    Int: 10    God:
Gold:   233        SH:  0    Dex: 21    Spells: 0 memorised, 6 levels left
                                        Lives:  0   Deaths: 2

rFire  + . .     SeeInvis +       - Unarmed
rCold  + . .     Gourm    .     (armour unavailable)
rNeg   . . .     Faith    .     (shield unavailable)
rPois  +         Spirit   .     (helmet unavailable)
rElec  +         Reflect  .     (cloak unavailable)
rCorr  +         Harm     .     (gloves unavailable)
MR     +....                    (boots unavailable)
Stlth  +++++.....               f - amulet of inaccuracy (curse)
                                (no ring)
                                h - ring of flight

@: agile, resistant, quick
A: no armour, no weapons or thrown items, stealth, claws 1, fangs 3, see
invisible, carnivore 3, speed 1, shaggy fur 2, slow metabolism 1, sharp paws
a: Evoke Flight


You were on level 5 of the Dungeon.
You were not hungry.

You visited 1 branch of the dungeon, and saw 6 of its levels.

You collected 233 gold pieces.

Inventory:

Hand Weapons
 v - a +4 quarterstaff of chaos
Missiles
 d - 64 arrows
Magical Staves
 o - an uncursed staff of cold {unknown}
Jewellery
 f - a cursed amulet of inaccuracy (around neck)
 h - a ring of flight (left paw)
 q - an uncursed ring of positive energy {unknown}
Wands
 s - a wand of slowing (20/48)
 t - a wand of confusion (30/48)
Scrolls
 l - 5 scrolls of identify
 m - a scroll of random uselessness
 u - a scroll of enchant weapon
Potions
 a - a potion of might
 c - a potion of degeneration
 i - a potion of berserk rage {unknown}
 j - a potion of invisibility
 n - a potion of brilliance {unknown}
Books
 p - Maqocvymyc's Compendium of Bewitchment
   (You found it on level 4 of the Dungeon)

   Spells                             Type                      Level
   a - Dazzling Spray                 Conjuration/Hexes            3
   b - Summon Guardian Golem          Hexes/Summoning              3
   c - Yara's Violent Unravelling     Hexes/Transmutation          5
   d - Darkness                       Hexes                        6
Comestibles
 b - 5 meat rations
 k - a beef jerky
 r - 2 slices of pizza


   Skills:
 + Level 3.6 Fighting
 + Level 7.2 Dodging
 + Level 5.7 Stealth
 + Level 8.5 Unarmed Combat


You had 6 spell levels left.
You didn't know any spells.

Dungeon Overview and Level Annotations

Branches:
Dungeon (6/15)             Temple (0/1) D:4

Altars:
Gozag
Hepliaklqana
Sif Muna

Shops:
D:5 }

Annotations:
D:5 Pikel
D:6 Blork the orc


Innate Abilities, Weirdness & Mutations

You cannot wear armour.
You are incapable of wielding weapons or throwing items.
Your paws allow you to move quietly. (Stealth)
You have sharp claws.
You have razor-sharp teeth.
You have supernaturally acute eyesight. (SInv)
You are carnivorous and can eat meat at any time.
You cover ground quickly.
You are covered in thick fur. (AC +2)
You have a slow metabolism.
Your sharp claws are effective at attacking unaware monsters.


Message History

You climb upwards.
Level annotation: Pikel
There is a stone staircase leading down here.
The bullfrog completely misses you. The bullfrog hits you!
* * * LOW HITPOINT WARNING * * *
The bullfrog misses you. The bullfrog misses you.
The bullfrog completely misses you. The bullfrog completely misses you.
The bullfrog completely misses you.
The bullfrog falls through a shaft!
The shaft crumbles and collapses.
The bullfrog completely misses you. The bullfrog completely misses you.
It was a potion of resistance.
You feel protected. The bullfrog completely misses you.
It was a potion of agility.
You feel agile all of a sudden. The bullfrog hits you!
You die...

#...............# #..
#.........^.....#####
#..
#.........^.........#
#..
##..................#
#..
#..................#
#[#
##......^.......####
#.# ##.............#
#.# ##...F........#
#.# #...@....[...#
#.# #########'####
#.# #..[# #.# #⌠.⌠#
#.# #.∩.# #.# #⌠.⌠#
#.# ###.# #.# #[# #.#
#.# #.#


You could see a bullfrog.

Vanquished Creatures
  A sky beast (D:4)
  3 ogres (D:5)
  A bullfrog (D:6)
  A scorpion (D:5)
  A crimson imp (D:5)
  2 bullfrog zombies (D:5)
  2 howler monkeys (D:4)
  A hound (D:5)
  Crazy Yiuf (D:3)
  2 bullfrog skeletons (D:5)
  3 orc priests (D:5)
  Terence (D:3)
  4 orc wizards
  3 worker ants
  A hound skeleton (D:5)
  2 gnolls (D:5)
  3 adders
  A shadow imp (D:5)
  An ooze (D:1)
  An adder zombie (D:6)
  5 worms
  2 dart slugs (D:1)
  4 leopard geckos
  13 orcs
  5 ball pythons
  6 giant cockroaches
  8 goblins
  3 hobgoblins
  7 jackals
  3 quokkas
  9 bats
  3 frilled lizards
  10 kobolds
  A quokka skeleton (D:4)
  6 rats
120 creatures vanquished.

Notes
Turn   | Place    | Note
-------+----------+-------------------------------------------
     0 | D:1      | equalderp2856 the Felid Fighter began the quest for the Orb.
     0 | D:1      | Reached XP level 1. HP: 10/10 MP: 2/2
   197 | D:1      | Reached XP level 2. HP: 9/14 MP: 3/3
   500 | D:1      | Reached XP level 3. HP: 7/17 MP: 4/4
  1502 | D:2      | Found a hazy altar of Hepliaklqana.
  1502 | D:2      | Found a deep blue altar of Sif Muna.
  1950 | D:2      | Reached XP level 4. HP: 11/21 MP: 5/5
  2030 | D:2      | Reached skill level 5 in Unarmed Combat
  2551 | D:3      | Found an opulent altar of Gozag.
  3023 | D:3      | Found a runed door.
  3068 | D:3      | Noticed Terence
  3728 | D:4      | Found a staircase to the Ecumenical Temple.
  3742 | D:4      | Noticed a sky beast
  3774 | D:4      | Killed a sky beast
  3774 | D:4      | Reached skill level 5 in Dodging
  3774 | D:4      | Reached XP level 5. HP: 13/24 MP: 6/6
  4024 | D:4      | Identified Maqocvymyc's Compendium of Bewitchment
  4122 | D:4      | Reached skill level 6 in Unarmed Combat
  4144 | D:5      | Entered Level 5 of the Dungeon
  4394 | D:5      | Gained mutation: You are covered in thick fur. (AC +2) [Felid growth]
  4394 | D:5      | Reached XP level 6. HP: 21/28 MP: 7/7
  5088 | D:5      | Reached XP level 7. HP: 31/31 MP: 8/8
  5204 | D:5      | Reached skill level 5 in Stealth
  5204 | D:5      | Reached skill level 7 in Unarmed Combat
  5314 | D:5      | Found Nawup's Gadget Shop.
  5375 | D:5      | HP: 1/31 [leopard gecko (2)]
  5376 | D:5      | Killed from afar by an orc priest
  5377 | D:5      | Reached XP level 6. HP: -12/28 MP: 7/7
  5391 | D:5      | Noticed a slave
  5394 | D:5      | Noticed Pikel
  5394 | D:5      | Noticed a slave
  5486 | D:5      | Killed from afar by a shadow imp
  5487 | D:5      | Reached XP level 5. HP: 0/24 MP: 6/6
  5572 | D:5      | Noticed an ogre
  5583 | D:5      | Killed an ogre
  5583 | D:5      | Reached XP level 6. HP: 9/28 MP: 7/7
  6443 | D:4      | Reached skill level 8 in Unarmed Combat
  7047 | D:4      | Reached XP level 7. HP: 31/31 MP: 8/8
  7159 | D:3      | Killed Terence
  7227 | D:3      | Noticed Crazy Yiuf
  7237 | D:3      | Killed Crazy Yiuf
  7382 | D:4      | You fall through a shaft!
  8732 | D:6      | Noticed Blork the orc
  8817 | D:5      | Slain by a bullfrog

Skill      XL: |  1  2  3  4  5  6  7 |
---------------+----------------------+-----
Unarmed Combat | 5 6 8 7 |  8.5
Dodging        | 5 6 7 |  7.2
Stealth        | 2 3 4 5 |  5.7
Fighting       | |  3.6

Action                   |  1- 3 |  4- 6 |  7- 9 || total
-------------------------+-------+-------+-------++-------
Melee: Unarmed           |   139 |   238 |   107 ||   484
       Bite              |    13 |    24 |    11 ||    48
       Punch             |     4 |     6 |     3 ||    13
  Use: Scroll            |     1 |     3 |       ||     4
       Potion            |       |       |     3 ||     3
 Stab: Sleeping          |       |     5 |     3 ||     8
       Distracted        |       |     1 |     1 ||     2
  Eat: Chunk             |     9 |     9 |       ||    18
Armor: Skin              |    13 |     8 |     9 ||    30
Dodge: Dodged            |   135 |   148 |   108 ||   391
